[Event "TUR-ch U13-18 Open 2023"]
[Site "Antalya"]
[Date "2023.01.23"]
[Round "2"]
[White "Demirtas, Alper"]
[Black "Once, Ahmet Asim"]
[Result "1-0"]
[ECO "D23"]
[WhiteElo "1990"]
[BlackElo "1479"]
[Annotator "TA"]
[PlyCount "92"]
[EventDate "2023.01.17"]
[EventType "swiss"]
[EventCountry "TUR"]
[SourceTitle "playchess.com"]
[Source "ChessBase"]
[SourceQuality "1"]
[TimeControl "5400+30"]

1. c4 c6 2. Nf3 d5 3. d4 Nf6 4. Qc2 dxc4 5. Qxc4 Bf5 6. g3 e6 7. Bg2 Nbd7 {[%emt 0:01:30] 7...Be7 injects fresh life into this line.} 8. O-O Be7 9. e3 O-O {[%emt 0:01:30] D23: Queen's Gambit Accepted: 3 Nf3 Nf6 sidelines.} 10. Qe2 Bg6 11. Rd1 Qc7 {[%emt 0:04:30] The position is equal.} 12. Nc3 Ne4 13. Nd2 {[%emt 0:02:30] [#]} Nxd2 $146 ({Predecessor:} 13... Nxc3 14. bxc3 Qa5 15. Bb2 Nb6 16. Nf3 Be4 17. Ne5 Bxg2 18. Kxg2 Bd6 19. Nf3 Qa4 {0-1 Jordan,J (2189)-Zakharov,O (2264) SA-2011-0-00204}) 14. Bxd2 Rfd8 15. e4 Nf6 16. Be3 Bb4 17. f3 Qa5 18. Qc4 b5 19. Qb3 (19. Qxc6 Rac8 20. Qxb5 (20. Qb7 $2 Rb8 $19) 20... Bxc3 $17) 19... Nd7 {[%emt 0:05:15] [#]} (19... Bf8 $142) 20. Ne2 ({White should play} 20. a4 $1 $16 {[%cal Ra4b5] axb5 is the strong threat.} Bxc3 21. bxc3) 20... Nb6 21. a3 Bf8 22. Bd2 Qa6 23. Bb4 Nc4 24. Qc3 Qb6 25. Bxf8 (25. b3 {looks sharper.} c5 26. Bxc5 Bxc5 27. bxc4 Rxd4 28. Nxd4 e5 29. cxb5 Bxd4+ 30. Rxd4 exd4 31. Qc6) 25... Rxf8 26. b3 (26. a4 $16) 26... Nxa3 $1 $11 {[%emt 0:00:38][%mdl 64] [#] Decoy} 27. Rdc1 {[%emt 0:00:30][%cal Bd1c1,Bc1c6,Bc6c5][%mdl 32] Black must now prevent Qb4.} (27. Rxa3 $2 b4 28. Qc4 bxa3 $19) 27... b4 28. Qxc6 Qxc6 29. Rxc6 f6 (29... Rfd8 $11 {keeps the balance.}) 30. Nf4 $16 Be8 31. Rc5 Bf7 32. d5 {[%emt 0:01:05] White is more active.} exd5 33. Nxd5 Bxd5 34. exd5 a5 (34... Rfc8 $14 35. Rc6 Nb5) 35. d6 Rfd8 (35... Rac8 $16 36. Rxa5 Rfd8) 36. Rd1 $36 {[%emt 0:01:27][%mdl 2048] Hoping for Bh3. White is on the roll.} ({Resist} 36. f4 Rab8 $16) 36... a4 37. f4 Ra7 (37... Rab8 38. Bd5+ (38. bxa4 b3 $11) (38. d7 Kf8 $14) 38... Kf8) 38. bxa4 Rad7 (38... Kf8 {was necessary.} 39. Bh3 b3) 39. Rc6 Kf8 40. Bh3 Rb7 41. Rc8 Rb8 42. d7 Ke7 43. Re1+ Kd6 44. Re8 (44. Rxb8 $142 Rxd7 45. Bxd7 Kxd7 46. Rxb4) 44... b3 45. Rxb8 Kc7 46. Rexd8 h5 {[%emt 0:00:52] Weighted Error Value: White=0.12 (very precise) /Black=0.50} 1-0

[Event "TUR-ch U13-18 Open 2023"]
[Site "Antalya"]
[Date "2023.01.23"]
[Round "2"]
[White "Temizer, Umut"]
[Black "Gulbas, Isa"]
[Result "1-0"]
[ECO "A08"]
[WhiteElo "1989"]
[BlackElo "1601"]
[Annotator "TA"]
[PlyCount "73"]
[EventDate "2023.01.17"]
[EventType "swiss"]
[EventCountry "TUR"]
[SourceTitle "playchess.com"]
[Source "ChessBase"]
[SourceQuality "1"]
[TimeControl "5400+30"]

1. Nf3 c5 2. g3 Nc6 3. Bg2 d5 4. O-O e5 5. d3 Nf6 6. Nfd2 {[%emt 0:03:30] [#] A08: King's Indian Attack.} Qc7 $146 (6... Bg4 $15) ({Predecessor:} 6... Be6 7. e4 d4 8. f4 g6 9. Nc4 Bxc4 10. dxc4 Bg7 11. Nd2 O-O 12. Qe2 Nd7 13. Nf3 Qc7 {0-1 Silva,J (1328)-Da Costa,L (1891) Niteroi op 2nd 2022 (3)}) 7. Nc3 $11 Be6 (7... d4 $5 8. Nb5 Qd8 $11) 8. e4 {[%emt 0:00:30][%cal Re4d5] The position is equal.} O-O-O 9. exd5 Nxd5 10. a3 h5 11. Nde4 Be7 12. Na4 (12. Ng5 $15) 12... Nd4 $2 (12... c4 $17 {And now ...Bg4 would win.} 13. Bg5 (13. dxc4 $2 Nf4 $19) 13... f6) 13. c3 $14 Nf5 14. b4 {[%emt 0:02:30] Strongly threatening c4.} c4 $1 15. Nac5 $36 {[%emt 0:08:30][%mdl 2048] White fights for an advantage.} h4 16. Nxe6 fxe6 17. Qa4 Kb8 18. dxc4 (18. Qa5 $1 $11 {remains equal.}) 18... Qxc4 $17 {[%emt 0:05:24] ...hxg3 would be deadly.} 19. Re1 $2 (19. Bd2 $17) 19... hxg3 20. hxg3 Rdf8 $2 ({Black should try} 20... Nxc3 $19 21. Qc2 Rd1) 21. Bd2 ({Better is} 21. Qd1 $16) 21... Bd8 $2 (21... Qc7 $14) 22. Qd1 $2 {[%emt 0:00:13] [#]} (22. Nc5 $18 Nd6 23. Qd7 (23. Nxe6 $2 {loses.} Rxf2 24. Qd7 Rxg2+ 25. Kxg2 Ne3+ 26. Rxe3 Qd5+ 27. Rf3 Qxd2+ 28. Rf2 Qd5+ 29. Rf3 e4 $19) (23. Nd7+ Ka8 $16)) 22... Bb6 $2 (22... Nxg3 $1 $17 {[%cal Od8b6] White must now prevent ...Bb6!} 23. Nxg3 (23. Nc5 $2 Qh4 $19) 23... Qh4) 23. Qe2 $16 Qc7 {[%emt 0:00:25][%cal Of5g3] [#]} 24. Nc5 $1 {[%emt 0:00:33][%mdl 64] Deflection} Bxc5 (24... Qf7 $142) 25. bxc5 $18 Qxc5 26. Qxe5+ Ka8 (26... Nd6 $2 27. Bf4 (27. Qxe6 $2 Qxf2#) 27... Rxf4 28. gxf4 $18) 27. Re2 Qc4 $2 (27... Rf6 {was necessary.} 28. Rae1 Qc8) 28. Qxe6 Rd8 (28... Nb6 29. Rae1 Qc8) 29. Re4 Qd3 30. Qxf5 Qxd2 31. Rd4 Qb2 32. Rad1 a6 33. Rxd5 Rdf8 34. R5d2 Qb6 35. Qb1 Qxb1 36. Rxb1 Rc8 37. Bxb7+ {[%emt 0:00:00] Weighted Error Value: White=0.48/Black=1.02} 1-0

[Event "TUR-ch U13-18 Open 2023"]
[Site "Antalya"]
[Date "2023.01.23"]
[Round "2"]
[White "Caliskan, Seha"]
[Black "Kaynak, Deniz Can"]
[Result "1-0"]
[ECO "E90"]
[WhiteElo "1954"]
[BlackElo "1620"]
[Annotator "TA"]
[PlyCount "61"]
[EventDate "2023.01.17"]
[EventType "swiss"]
[EventCountry "TUR"]
[SourceTitle "playchess.com"]
[Source "ChessBase"]
[SourceQuality "1"]
[TimeControl "5400+30"]

1. d4 Nf6 2. Nf3 d6 3. c4 g6 4. Nc3 Bg7 5. e4 O-O 6. h3 c5 7. d5 e6 8. Bd3 exd5 9. exd5 Re8+ 10. Be3 Rxe3+ {[%emt 0:00:30] E90: King's Indian: Classical: Early deviations and 6 h3.} 11. fxe3 Nbd7 12. O-O Qe7 {[%emt 0:03:30] White is better.} 13. Qd2 Nh5 14. Rf2 Ne5 15. g4 Nf6 16. Nxe5 Qxe5 {[%emt 0:00:30] [#]} 17. Rf3 $146 {[%emt 0:00:30] Against Qg3+} ({Predecessor:} 17. Kg2 Bd7 18. Raf1 Rf8 19. Ne2 Ne4 20. Bxe4 Qxe4+ 21. Kg1 Qxc4 22. b3 Qe4 23. Ng3 {1-0 Li,B (2361)-Janaszak,D (2333) Titled Tuesday intern op 01st Mar Late blitz 2022 (4)}) 17... h5 18. gxh5 Qxh5 19. Qg2 Nh7 20. Ne4 {[%emt 0:08:30] Prevents Ng5.} Be5 21. Raf1 Kh8 22. Rxf7 Bxh3 {[%emt 0:00:26] [#]} 23. Qf3 {[%emt 0:01:30] aiming for Qxh5.} Bh2+ $2 {[%emt 0:08:02] Black cannot hold the game after this.} 24. Kxh2 $18 {[%emt 0:00:00] Threatening mate with Qxh5.} Bg4+ {[%emt 0:00:00] [#]} (24... Bxf1+ $2 25. Qxh5 gxh5 26. Bxf1 $18) 25. Kg2 $1 Bxf3+ 26. R1xf3 {[%emt 0:00:30] Strongly threatening Rh3.} Ng5 {[%emt 0:00:30] Inhibits Rh3.} (26... Re8) 27. Nxg5 {[%emt 0:00:30] White is clearly winning.} Qxg5+ 28. Rg3 {[%emt 0:00:30][%mdl 64] Skewer} Qe5 29. Rxb7 Rf8 (29... Re8 $142 30. Bxg6 Re7 31. Rb8+ Kg7 32. Bc2+ Kf7 33. Rf3+ Kg7 34. Rg3+ Kf7) 30. Bxg6 {[%emt 0:01:07] Rh3+ is the strong threat.} ({Stronger than} 30. Rxa7 Qxb2+ 31. Kh3 Qf2 32. Bxg6 Rf3 33. Ra8+ Kg7 34. Ra7+ Kf8 35. Ra8+ Kg7 36. Ra7+ Kh8 37. Ra8+ Kg7 $11) 30... Rf6 31. Bd3 {[%emt 0:00:24] Artfully played by Caliskan.   Weighted Error Value: White=0.12 (very precise) /Black=0.24 (precise)} (31. Rxa7 $2 {is the wrong capture.} Rxg6 {[%mdl 64] Remove Defender, Decoy} 32. Rxg6 Qe4+ 33. Kf2 Qxg6 $19) 1-0

[Event "TUR-ch U13-18 Open 2023"]
[Site "Antalya"]
[Date "2023.01.23"]
[Round "2"]
[White "Turkmen, Yusuf Cagan"]
[Black "Tatlioglu, Ege"]
[Result "0-1"]
[ECO "B40"]
[WhiteElo "1943"]
[BlackElo "1251"]
[Annotator "TA"]
[PlyCount "87"]
[EventDate "2023.01.17"]
[EventType "swiss"]
[EventCountry "TUR"]
[SourceTitle "playchess.com"]
[Source "ChessBase"]
[SourceQuality "1"]
[TimeControl "5400+30"]

1. e4 c5 2. Nf3 e6 3. g3 d5 4. exd5 exd5 5. d4 Nf6 6. Bg2 {[%emt 0:04:00] B40: Sicilian: 2...e6, Unusual lines.} Nc6 7. O-O Be7 {[%emt 0:00:30][%cal Bf8e7,Be7c5,Bc5b6][%mdl 32] Active counter play!} 8. dxc5 {[%emt 0:05:30] White has an edge.} Bxc5 9. Re1+ Be6 {[%emt 0:00:00] [#]} 10. c3 $146 ({Predecessor:} 10. Nbd2 Qb6 11. Re2 Ng4 12. Qf1 O-O 13. Nb3 d4 14. Rxe6 fxe6 15. Qc4 Rxf3 16. Bxf3 {0-1 Villar Perez,S (2188)-Shyam,N (2443) Pontevedra op-A 10th 2022 (3)}) 10... O-O 11. b4 Bb6 12. b5 Na5 13. Be3 Rc8 14. Qd3 Nc4 {[%emt 0:05:30] Hoping for ...Nxe3.} 15. Bxb6 Qxb6 16. Nd4 Rfe8 17. Nd2 Nb2 18. Qe3 {[%emt 0:02:06][%mdl 8192] This costs White the game.} (18. Qc2 $15 Qxd4 {[%mdl 64] Pin} 19. Rec1) 18... Bg4 $19 {[%emt 0:17:30] Black is clearly winning.} 19. Qg5 h6 ({Not} 19... Rxc3 20. Rxe8+ Nxe8 21. Qxg4 $18) 20. Rxe8+ Rxe8 21. Qh4 Re5 22. Rb1 Nd3 {[%emt 0:04:19] Threatens to win with ...Rh5.} 23. Bf1 Nc5 {[%emt 0:03:04] Strongly threatening ...Rh5.} 24. h3 Rh5 {[%emt 0:00:30][%mdl 64] [#] Skewer} 25. hxg4 (25. Qxg4 $142 Nxg4 26. hxg4) 25... Rxh4 26. gxh4 Nxg4 27. Re1 g6 28. Re8+ Kg7 29. N2f3 Ne4 30. c4 Ngxf2 31. cxd5 Qd6 {[%emt 0:00:14] ( -> ...Qg3+)} 32. Ne5 Qxd5 33. Ndf3 Nd1 (33... Qxa2 $142 34. Bg2 Nh3+ 35. Kh2 Nf4 36. Ne1 Qf2 37. N5f3 Nf6 38. Kh1 Nxe8 39. b6 axb6 40. h5 Nf6 41. hxg6 Ng4 42. Ng1 Qxe1 43. gxf7 Qf2 44. f8=B+ Kxf8 45. Bxb7 Qh2#) 34. Rc8 Nd2 35. Be2 Nxf3+ 36. Nxf3 Ne3 {[%emt 0:00:15][%cal Od5e6] ...Qe6! is the strong threat.} 37. Rc3 Nf5 {[%emt 0:00:45] And now ...g5 would win.} 38. Kf2 g5 39. hxg5 hxg5 40. Rc4 Qxb5 {[%emt 0:01:27] White must now prevent ...Qb6+.} 41. a4 Qb6+ 42. Ke1 {[%emt 0:00:03] [#]} Nh4 $1 43. Nxh4 (43. Nd4 Ng2+) 43... gxh4 44. Kf1 {[%emt 0:00:33] Weighted Error Value: White=0.84/Black=0.46} 0-1

[Event "TUR-ch U13-18 Open 2023"]
[Site "Antalya"]
[Date "2023.01.23"]
[Round "2"]
[White "Karaca, Yigit"]
[Black "Domurcak, Doruk"]
[Result "0-1"]
[ECO "C65"]
[WhiteElo "1933"]
[BlackElo "1378"]
[Annotator "TA"]
[PlyCount "182"]
[EventDate "2023.01.17"]
[EventType "swiss"]
[EventCountry "TUR"]
[SourceTitle "playchess.com"]
[Source "ChessBase"]
[SourceQuality "1"]
[TimeControl "5400+30"]

1. e4 e5 2. Nf3 Nc6 3. Bb5 Nf6 4. Bxc6 dxc6 5. d3 Bd6 6. Nbd2 {[%emt 0:03:00][%cal Bb1d2,Bd2f1,Bf1g3][%mdl 32] [#] C65: Ruy Lopez: Berlin Defence (3...Nf6), unusual lines and 4 0-0 Bc5.} h6 $146 ({Predecessor:} 6... Bg4 7. h3 Bh5 8. Nc4 Nd7 9. Ne3 Nf8 10. Nf5 Ne6 11. g4 Bg6 12. Be3 c5 13. c3 Qd7 {0-1 Nakamura,H (2736)-Carlsen,M (2863) Carlsen Tour Final rapid 2020 (2.26)}) 7. Nf1 Be6 8. Ng3 {[%emt 0:00:30] The position is equal.} O-O 9. O-O Nd7 10. h3 Re8 11. Nh2 Nf8 12. Nf5 Bxf5 13. exf5 e4 14. Ng4 {[%emt 0:00:30][%cal Of5f6] Dodges Qf6} h5 15. Ne3 Qh4 16. dxe4 Rxe4 17. Qf3 Nh7 {[%emt 0:04:30] Black has more active pieces. The white rooks are badly placed. White is weak on the dark squares} 18. Nd1 Rae8 19. Nc3 R4e7 20. Bd2 Ng5 $40 {[%emt 0:04:30][%mdl 128] Black goes for the king.} 21. Qd3 f6 (21... Rd8 $15 22. Kh1 Ne4 23. Nxe4 Qxe4) 22. Bxg5 (22. Rae1 $1 $11) 22... Qxg5 $17 23. Rad1 h4 {[%emt 0:01:30] ...Qf4 would be deadly.} ({And not} 23... Qf4 24. g3 Qb4 25. Kg2 $15) 24. Qc4+ Kf8 25. Qg4 Kf7 (25... Re5 {simplifies} 26. Qxg5 fxg5 27. f3 Rc5) 26. Qc4+ $1 Kf8 27. Qg4 Kf7 (27... Re5 $17 28. Qxg5 fxg5) 28. f3 (28. Qc4+ $1 $11 Kf8) 28... Qxg4 (28... Qe3+ $17 29. Kh1 Qf4 30. Qxf4 Bxf4) 29. hxg4 $11 Be5 30. Ne4 Bg3 31. Rd3 b6 32. Rfd1 Bf4 33. Kf2 Rh8 34. Rh1 (34. b4 $16) 34... Rh6 35. Rd8 c5 36. Rhd1 h3 (36... g6 $142) 37. g3 $16 Be5 38. c3 Re8 (38... g6 $16 {was worth a try.} 39. fxg6+ Kxg6) 39. R1d7+ $1 $18 Re7 {[%emt 0:00:09] aiming for ...h2.} 40. Rd1 Re8 $1 {[%emt 0:00:30] Hoping for ...Rxd8.} 41. Kg1 $2 (41. R8d2 $16 {keeps the pressure on.}) 41... Bd4+ $1 $17 42. R1xd4 (42. R8xd4 $17 {was called for.} cxd4 43. Rxd4) 42... cxd4 $19 43. Rxd4 $17 {[%emt 0:00:22][%mdl 4096] Endgame [#] KRR-KRN} g6 (43... h2+ $1 $19 44. Kh1 Ke7) 44. fxg6+ Rxg6 ({Better is} 44... Kxg6 $15 45. Kh2 Rf8) 45. Kh2 $11 Ke6 46. Nf2 (46. b4 $11 {remains equal.}) 46... f5 (46... Rh6 $17) 47. Nxh3 (47. gxf5+ $11 Kxf5 48. g4+ Kf6 49. Ne4+ Ke7 50. Kxh3) 47... Kf6 $15 {[%emt 0:03:30] Threatens to win with ...Re2+.} 48. Rf4 $2 (48. Nf4 $15 Rh6+ 49. Kg2) 48... Re5 $2 (48... Kg7 $19 49. Rxf5 Re2+ 50. Kg1 Rd6 51. Rg5+ Kf7 52. Rf5+ Ke7) 49. Kg2 $2 {[%emt 0:00:43] [#]} (49. Rxf5+ $1 $11 Rxf5 50. gxf5 Kxf5 51. g4+ Kf6 52. Nf4 Rh6+ 53. Kg3) 49... Re2+ $1 $19 50. Kf1 Rxb2 51. Rxf5+ Kg7 {[%emt 0:00:00][%cal Og6h6] White must now prevent ...Rh6!} 52. Re5 $2 (52. Nf4 $17 {is a better chance.} Rd6 53. Rg5+ Kh7 54. Rh5+ Kg8 55. Rg5+ Kh7 56. Rh5+ Rh6 57. Rxh6+ Kxh6 58. Ne6) 52... Rh6 53. Nf2 Rh2 $2 (53... Rxa2 {And now ...Rh2 would win.} 54. Kg1 Rd6) 54. Re2 Rb1+ 55. Re1 Rxe1+ 56. Kxe1 {[%emt 0:00:00] KR-KN} Rg2 57. Ke2 Rxg3 58. Ke3 $2 (58. c4) 58... Rg1 59. Nd3 Ra1 60. Nb4 c5 61. Nd5 Rxa2 62. f4 Ra4 {[%emt 0:00:00] Strongly threatening ...Kf7.} 63. g5 Kg6 64. Ne7+ Kf7 65. Nd5 $2 (65. Nc8) 65... Ke6 66. Nc7+ Kf5 67. Nd5 b5 68. Ne7+ Ke6 69. Nc6 a5 70. Nd8+ Kf5 71. Nb7 Re4+ 72. Kd3 c4+ {[%emt 0:00:30] Black mates.} 73. Kd2 Kxf4 74. g6 Re6 75. g7 Rg6 76. Nc5 Kf5 ({Inferior is} 76... Rxg7 77. Ne6+ Ke4 78. Nxg7 $11) 77. Nb7 Rxg7 78. Nd6+ Kf4 79. Nxb5 Rg2+ 80. Kc1 Ke3 81. Kb1 Kd3 82. Ka1 Rc2 83. Na3 Kxc3 84. Nb5+ Kb4 85. Nd4 Rh2 86. Kb1 a4 87. Nc2+ {[%emt 0:00:30] [#]} Rxc2 $1 88. Kxc2 a3 89. Kc1 Kc3 90. Kb1 a2+ 91. Kxa2 Kd2 {[%emt 0:00:00] Quite a comeback for Black.   Weighted Error Value: White=0.54/Black=0.34} 0-1

[Event "TUR-ch U13-18 Open 2023"]
[Site "Antalya"]
[Date "2023.01.23"]
[Round "2"]
[White "Sozat, Arda"]
[Black "Deniz, Yagiz Efe"]
[Result "0-1"]
[ECO "B51"]
[WhiteElo "1877"]
[BlackElo "1449"]
[Annotator "NA RC COMBH"]
[PlyCount "104"]
[EventDate "2023.01.17"]
[EventType "swiss"]
[EventCountry "TUR"]
[SourceTitle "playchess.com"]
[Source "ChessBase"]
[SourceQuality "1"]
[TimeControl "5400+30"]

1. e4 c5 2. Nf3 d6 3. Bb5+ Nd7 4. d4 cxd4 5. Qxd4 a6 6. Bxd7+ Bxd7 7. Nc3 e5 8. Qd3 Nf6 9. O-O h6 10. Rd1 Be7 11. Nd2 b5 12. Nf1 b4 13. Nd5 Bb5 (13... Nxd5 $11 14. Qxd5 O-O) 14. Nxf6+ gxf6 (14... Bxf6 $14 15. Qb3 (15. Qxd6 Qxd6 16. Rxd6 O-O $14) 15... Be2) 15. Qg3 Be2 16. Rd2 Bxf1 17. Kxf1 Qc7 18. Qb3 ({White should play} 18. Qd3) 18... Qb7 19. Rd5 Rc8 20. Bd2 a5 (20... Qc6 $16 21. Bxb4 Qxc2) 21. c3 ({White should try} 21. c4 $18) 21... f5 (21... Qa6+ $16 {was worth a try.} 22. Kg1 bxc3) 22. cxb4 axb4 23. Qxb4 ({Much less strong is} 23. Bxb4 fxe4 24. Rad1 (24. Bxd6 Qa6+ 25. Kg1 Bxd6 $17) 24... Rc6 $16) (23. exf5 $18 Rc5 24. Rxc5 (24. Qxb4 $2 {too greedy.} Qxd5 25. Kg1 Kd7 $19) 24... dxc5 25. a3) 23... Qa6+ (23... Qxb4 $16 24. Bxb4 fxe4) 24. Kg1 fxe4 25. Qxe4 Qc6 26. Bb4 Qd7 27. h3 Rg8 28. Qd3 Rg6 29. Rd1 Rc6 30. Rxe5 Qb7 31. Rb5 Rb6 32. Rd5 Rxb4 33. b3 Kf8 34. Qc3 Bf6 35. Qe3 Be5 36. f3 Re6 37. Qd3 Qb6+ 38. Kh1 Rg6 39. Qc2 Kg7 40. R1d3 $19 (40. Qe2) 40... Rh4 41. Rd1 Qe3 42. Qc8 Qf2 43. R5d2 Qg3 44. Kg1 Rxh3 45. Kf1 Rh1+ 46. Ke2 Qxg2+ 47. Kd3 Qxf3+ 48. Kc2 Rxd1 49. Rxd1 Rg2+ 50. Rd2 Qe4+ 51. Kc1 Qe1+ 52. Kc2 Rxd2# 0-1

[Event "TUR-ch U13-18 Open 2023"]
[Site "Antalya"]
[Date "2023.01.23"]
[Round "2"]
[White "Gungor, Cihan Akif"]
[Black "Pirpir, Ozgur Can"]
[Result "1-0"]
[ECO "C54"]
[WhiteElo "1871"]
[BlackElo "1340"]
[Annotator "NA RC COMBH"]
[PlyCount "57"]
[EventDate "2023.01.17"]
[EventType "swiss"]
[EventCountry "TUR"]
[SourceTitle "playchess.com"]
[Source "ChessBase"]
[SourceQuality "1"]
[TimeControl "5400+30"]

1. e4 e5 2. Nf3 Nc6 3. Bc4 Nf6 4. d3 Bc5 5. c3 d6 6. Nbd2 O-O 7. h3 a5 {[%emt 0:00:00] is more profitable than 7...a6 at the moment.} 8. Nf1 Be6 9. Qe2 h6 {[%emt 0:05:30] [#]} 10. Ng3 $146 ({Predecessor:} 10. Bxe6 fxe6 11. Be3 b6 12. a3 Bxe3 13. Nxe3 Nh5 14. g3 Qf6 15. Nd2 Qg6 16. Qg4 {0-1 Bagrationi,A (2500)-Muha,S (2222) Titled Tuesday intern op 6th Aug blitz 2019 (10)}) 10... Ne7 11. Nh4 a4 12. a3 d5 13. Ba2 (13. exd5 $15 Nexd5 14. O-O) 13... Qd7 ({Black should play} 13... dxe4 $17 14. Nxe4 Nxe4 15. dxe4 Bxa2 16. Rxa2 Qd6) 14. Qf3 (14. O-O $11) 14... Kh7 ({Black should play} 14... Rad8 $17 15. O-O dxe4 16. dxe4 Bxa2 17. Rxa2 Qc6) 15. d4 exd4 16. e5 Ng6 $2 (16... Ne4 $1 $17 {stays on course.} 17. Nxe4 dxe4 18. Qxe4+ Kg8 19. Bxe6 (19. Bb1 Ng6 $15) 19... fxe6 20. cxd4 Qxd4 21. Qxd4 Bxd4) 17. exf6 Nxh4 18. Bb1+ ({White should try} 18. Qh5 $1 $14 Nxg2+ 19. Ke2 (19. Kf1 Ne3+ 20. fxe3 g6 $14) 19... d3+ 20. Kf1 Ne3+ 21. fxe3) 18... Kg8 $2 (18... g6 $1 $15 {stays ahead.} 19. Qh5 Nxg2+ 20. Kd1 Ne3+ 21. fxe3 dxe3) 19. Qd3 g6 (19... gxf6 $2 20. Qh7#) (19... Nxg2+ $2 20. Kf1 g6 21. Kxg2 (21. cxd4 $2 {loses.} Bxh3 22. Kg1 Nh4 $19) 21... dxc3 22. Qxc3 $18) 20. cxd4 {[%emt 0:02:30] [#]} (20. O-O $17 {was forced.} Rfe8 21. Qd2) 20... Rfe8 $1 21. Ne2 $2 {[%emt 0:08:30] [#]} (21. Kf1 $17 Bb6 22. Bf4) 21... Bf5 $1 ({Worse is} 21... Nxg2+ 22. Kf1 Bf5 {[%mdl 64] Overworked Piece} 23. Qd2 Bxb1 24. Rxb1 $17 (24. Kxg2 $2 {too greedy.} Be4+ 25. f3 Bxf3+ {[%mdl 64] Decoy} 26. Kxf3 Qf5+ 27. Kg2 Qe4+ 28. Kg1 Bd6 $19) (24. dxc5 Nh4 $17)) 22. Qg3 Qb5 $4 (22... Bxd4 23. Qxh4 Qe6 24. O-O Bxf6 25. Qxh6 (25. Bxf5 $2 Qxf5 26. Ng3 Bxh4 $17) 25... Bxb1 26. Nf4 $17) (22... Bxb1 $19 {and life is good for Black.} 23. Rxb1 Nf5) 23. O-O $1 Qxe2 24. Qxh4 $18 Bf8 25. Bxf5 gxf5 26. Bxh6 Re4 27. Qg5+ Kh7 28. Bxf8 Rxf8 29. Qg7# 1-0

[Event "TUR-ch U13-18 Open 2023"]
[Site "Antalya"]
[Date "2023.01.23"]
[Round "2"]
[White "Dirikolu, Deniz"]
[Black "Guzel, Eren"]
[Result "1-0"]
[ECO "C85"]
[WhiteElo "1868"]
[BlackElo "1463"]
[Annotator "NA RC COMBH"]
[PlyCount "99"]
[EventDate "2023.01.17"]
[EventType "swiss"]
[EventCountry "TUR"]
[SourceTitle "playchess.com"]
[Source "ChessBase"]
[SourceQuality "1"]
[TimeControl "5400+30"]

1. e4 e5 2. Nf3 Nc6 3. Bb5 a6 4. Ba4 Nf6 5. O-O Be7 6. Bxc6 dxc6 7. d3 Bd6 8. Nbd2 O-O 9. Nc4 Nd7 10. b3 f6 11. Bb2 Nb6 12. Ne3 Be6 13. d4 exd4 14. Nxd4 Bf7 (14... Qe8 $14) 15. Qf3 (15. Nef5 $16) 15... Be5 {[%emt 0:05:30] [#]} (15... Qe8 $14) 16. Rad1 $1 Qe8 17. Ba3 Bxd4 18. Rxd4 Qe5 19. Bxf8 Qxd4 {[%emt 0:03:30] [#]} 20. Bxg7 $1 {[%emt 0:00:30] Decoy} Bg6 21. Rd1 ({Less strong is} 21. Qxf6 Qxf6 22. Bxf6 Bxe4 $16) (21. Bxf6 $18 {and White stays clearly on top.} Qxe4 22. Qg3) 21... Qxe4 22. Qxf6 ({Don't take} 22. Bxf6 $6 Qxf3 23. gxf3 Rf8 $14) 22... Re8 23. Bh8 Qe7 24. Qa1 h5 25. c4 Nd7 26. Bc3 Qe6 (26... Nc5 $16 {might work better.} 27. Bb4 Nxb3) 27. Re1 Qf7 28. Nf1 Rf8 (28... Nc5 $16 29. Rxe8+ Qxe8) 29. f3 Nc5 30. Bb4 Nd3 31. Bxf8 Nxe1 32. Qxe1 Kxf8 33. Qe5 Qe7 (33... Qd7 {might work better.} 34. Qf6+ Qf7 35. Qd8+ Kg7) 34. Qxe7+ Kxe7 35. g4 hxg4 36. fxg4 Kf6 37. Kf2 c5 38. h4 b5 39. Nd2 c6 40. Ke3 Ke5 41. h5 Bf7 42. Nf3+ Kf6 43. Nd2 Kg5 44. Nf3+ Kf6 45. h6 Bg8 46. Kf4 bxc4 47. bxc4 $18 (47. g5+ $142 Kg6 48. Ne5+ Kh7 49. Nxc4 a5 50. Nxa5 Bf7 51. Kf5 c4 52. Nxc4) 47... Bxc4 48. g5+ Kg6 49. Ne5+ Kh7 50. Nxc4 1-0